 Dungeon Crawl Stone Soup version 0.26-a0-694-g74916bafe0 (webtiles) character file.

Game seed: 15867867833113595312

2562 CheiIsBae the Cleaver (level 9, -2/78 HPs)
             Began as a Hill Orc Fighter on Oct 25, 2020.
             Was a Believer of Cheibriados.
             Slain by a five-headed hydra skeleton (5 damage)
             ... on level 1 of the Abyss.
             The game lasted 00:11:18 (6933 turns).

CheiIsBae the Cleaver (Hill Orc Fighter)            Turns: 6933, Time: 00:11:19

Health: -2/78      AC: 14    Str: 25 (26) XL:     9   Next: 56%
Magic:  6/6        EV:  4    Int: 14      God:    Cheibriados [**....]
Gold:   126        SH: 15    Dex: 14 (15) Spells: 8/8 levels left

rFire    . . .     SeeInvis .   r - +1 war axe (flame)
rCold    . . .     Faith    .   c - +0 kite shield
rNeg     . . .     Spirit   .   w - +0 plate armour
rPois    +         Reflect  +   p - +0 helmet
rElec    .         Harm     .   j - +0 cloak
rCorr    .         Rampage  .   (no gloves)
MR       .....                  q - +0 pair of boots
Stlth    ..........             e - amulet of reflection
HPRegen  0.23/turn              l - ring of poison resistance
MPRegen  0.10/turn              i - ring of attention (curse)

@: very slow
A: [blurry vision 2], [deterioration 2], [low mp 3]
a: Bend Time, Renounce Religion


You were on level 1 of the Abyss.
You worshipped Cheibriados.
Cheibriados was pleased with you.
You visited 2 branches of the dungeon, and saw 7 of its levels.
You visited the Abyss 1 time.

You collected 282 gold pieces.
You spent 156 gold pieces at shops.

Inventory:

Hand Weapons
 r - a +1 war axe of flaming (weapon)
Missiles
 v - 5 throwing nets (quivered)
Armour
 c - a +0 kite shield (worn)
 j - a +0 cloak (worn)
 p - a +0 helmet (worn)
 q - a +0 pair of boots (worn)
 w - a +0 plate armour (worn)
Jewellery
 e - an amulet of reflection (around neck)
 i - a cursed ring of attention (right hand)
 l - a ring of poison resistance (left hand)
 t - an uncursed ring of protection from cold
Wands
 b - a wand of paralysis (10)
 o - a wand of disintegration (10)
Scrolls
 a - a scroll of identify
 f - 3 scrolls of teleportation
 s - a scroll of magic mapping
Potions
 k - a potion of stabbing
 m - 4 potions of curing
 u - a potion of magic {unknown}


   Skills:
 + Level 6.4 Fighting
 * Level 14.7 Axes
 - Level 3.3 Armour
 - Level 3.3 Shields


You had 8 spell levels left.
You didn't know any spells.
Your spell library contained the following spells:

 Spells                   Type           Power        Failure   Level
 Animate Skeleton         Necr           #.....       100%        1
 Apportation              Tloc           #.....       100%        1
 Corona                   Hex            #......      100%        1
 Magic Dart               Conj           #...         100%        1
 Summon Small Mammal      Summ           #...         100%        1
 Ensorcelled Hibernation  Hex/Ice        #.....       100%        2
 Searing Ray              Conj           #.....       100%        2
 Confusing Touch          Hex            #.......     100%        3
 Dazzling Flash           Conj/Hex       #.....       100%        3
 Tukima's Dance           Hex            #.......     100%        3
 Fulminant Prism          Conj/Hex       #.........   100%        4
 Iskenderun's Mystic Bla  Conj/Tloc      #.......     100%        4
 Borgnjor's Vile Clutch   Necr/Erth      #.........   100%        5
 Silence                  Hex/Air        #.........   100%        5
 Shadow Creatures         Summ           N/A          100%        6


Dungeon Overview and Level Annotations

Branches:
Dungeon (6/15)             Temple (1/1) D:4

Altars:
Ashenzari
Cheibriados
Dithmenos
Elyvilon
Fedhas
Hepliaklqana
Makhleb
Nemelex Xobeh
Okawaru
Qazlal
Ru
Sif Muna
Trog
Uskayaw
Vehumet
Wu Jian
Xom
Yredelemnul
Zin
The Shining One

Shops:
D:6 }

Portals:
Abyss: D:6

Annotations:
D:6 1 transporter, fritzmikael's ghost, novice MiAE


Innate Abilities, Weirdness & Mutations

[Scrolls take you longer to read.]
[Your body often deteriorates upon taking damage.]
[Your magical capacity is extremely low. (-30% MP)]


Message History

The small abomination hits you.
* * * LOW HITPOINT WARNING * * *
The small abomination hits you but does no damage.
Unknown command.
Okay, then.
You hit the small abomination. You burn the small abomination.
The small abomination is moderately damaged.
You hit the spatial maelstrom.
You hack one of the six-headed hydra skeleton's heads off!
You slash the five-headed hydra skeleton!
You burn the five-headed hydra skeleton.
You hit the small abomination. You burn the small abomination.
The spatial maelstrom hits you but does no damage.
You block the spatial maelstrom's attack.
You block the small abomination's attack.
The five-headed hydra skeleton bites you but does no damage.
The five-headed hydra skeleton bites you.
* * * LOW HITPOINT WARNING * * *
The five-headed hydra skeleton bites you.
You die...

.. #..
.##..#
#####X....#
#.v......#
#........#
.. #.......
...#..Z..#
... ###@####
...'.Xxxv..#
...#..⌠*v..#
#.v..##x#
#....# .3.
#v##'# ..#
#..v.# #..#
#....#. #.#
#....#.# ..


You could see a spatial maelstrom, a wretched star, 5 spatial vortices, 2 large
abominations, a smoke demon, 3 small abominations and a five-headed hydra
skeleton.

Vanquished Creatures
  A ynoxinul (D:6)
  A water moccasin (D:6)
  The ghost of Sensen the Digger, an amateur GrEE (D:3)
  A black bear (D:6)
  2 orc warriors (D:6)
  A sky beast (D:6)
  2 ice beasts (D:5)
  A phantom (D:5)
  2 centaurs
  2 big kobolds (D:4)
  Blork the orc (D:6)
  A bullfrog (D:6)
  2 scorpions
  2 orc priests
  2 centaur skeletons
  3 hounds
  An iguana (D:5)
  Natasha (thrice) (D:4)
  10 orc wizards
  2 worker ants
  A hound skeleton (D:5)
  A hound zombie (D:5)
  Robin (D:3)
  11 adders
  4 gnolls (D:5)
  3 white imps
  2 worker ant simulacra (D:3)
  2 oozes
  An ufetubus (D:5)
  2 worms
  4 dart slugs
  An adder simulacrum (D:3)
  5 leopard geckos
  25 orcs
  A ball python (D:3)
  10 bats
  8 giant cockroaches
  12 goblins
  9 hobgoblins
  17 jackals
  8 kobolds
  3 quokkas
  4 frilled lizards
  2 giant cockroach simulacra (D:3)
  2 gnoll zombies (D:2)
  A quokka zombie (D:5)
  9 rats
190 creatures vanquished.

Vanquished Creatures (others)
  A small abomination (Abyss:1)
  9 plants (D:4)
10 creatures vanquished.

Grand Total: 200 creatures vanquished

Notes
Turn   | Place    | Note
-------+----------+-------------------------------------------
     0 | D:1      | CheiIsBae the Hill Orc Fighter began the quest for the Orb.
     0 | D:1      | Reached XP level 1. HP: 19/19 MP: 1/1
     0 | D:1      | Noticed a troll
     0 | D:1      | Noticed a vine stalker
     0 | D:1      | Noticed an elf
     2 | D:1      | Noticed an elf
     2 | D:1      | Noticed a spriggan
     4 | D:1      | Noticed a dwarf
     5 | D:1      | Noticed an elf
     6 | D:1      | Noticed an ogre
    10 | D:1      | Noticed an elf
    10 | D:1      | Noticed a vampire
    12 | D:1      | Noticed a spriggan
    14 | D:1      | Noticed a gargoyle
    14 | D:1      | Noticed a vine stalker
    14 | D:1      | Noticed an elf
    16 | D:1      | Noticed a centaur
    16 | D:1      | Noticed a human
    90 | D:1      | Reached skill level 3 in Axes
    96 | D:1      | Reached XP level 2. HP: 27/27 MP: 2/2
   358 | D:1      | Reached skill level 4 in Axes
   488 | D:1      | Reached XP level 3. HP: 33/33 MP: 3/3
   978 | D:2      | Reached skill level 5 in Axes
  1325 | D:2      | Reached XP level 4. HP: 40/40 MP: 4/4
  1945 | D:2      | Found a basalt altar of Yredelemnul.
  2084 | D:3      | Reached skill level 6 in Axes
  2086 | D:3      | Found a runed translucent gate.
  2086 | D:3      | Found a runed translucent gate.
  2086 | D:3      | Found a runed translucent gate.
  2352 | D:3      | Reached XP level 5. HP: 30/46 MP: 5/5
  2365 | D:3      | Reached skill level 7 in Axes
  2725 | D:3      | Noticed Sensen's ghost (amateur GrEE)
  2762 | D:3      | Noticed Robin
  2769 | D:3      | Killed Robin
  2769 | D:3      | Reached XP level 6. HP: 52/52 MP: 6/6
  2789 | D:3      | Reached skill level 8 in Axes
  3177 | D:3      | Killed Sensen's ghost
  3178 | D:3      | Reached skill level 9 in Axes
  3318 | D:4      | Reached XP level 7. HP: 58/58 MP: 7/7
  3354 | D:4      | Noticed Natasha
  3359 | D:4      | Reached skill level 10 in Axes
  3361 | D:4      | Killed Natasha
  3615 | D:4      | Found a staircase to the Ecumenical Temple.
  3628 | D:4      | Reached skill level 11 in Axes
  3706 | D:4      | Noticed Natasha
  3711 | D:4      | Killed Natasha
  3711 | D:4      | Reached XP level 8. HP: 59/66 MP: 8/8
  3783 | D:4      | Noticed Natasha
  3790 | D:4      | Killed Natasha
  3795 | Temple   | Entered the Ecumenical Temple
  3902 | Temple   | Became a worshipper of Cheibriados the Contemplative
  4078 | D:5      | Entered Level 5 of the Dungeon
  4133 | D:5      | Reached skill level 12 in Axes
  4357 | D:5      | Found a hazy altar of Hepliaklqana.
  4357 | D:5      | Found a burning altar of Makhleb.
  4422 | D:5      | Reached * piety under Cheibriados
  4573 | D:5      | Reached skill level 13 in Axes
  5180 | D:6      | Reached XP level 9. HP: 73/73 MP: 9/9
  5224 | D:6      | Reached skill level 5 in Fighting
  5262 | D:6      | Reached ** piety under Cheibriados
  5444 | D:6      | Noticed Blork the orc
  5450 | D:6      | Killed Blork the orc
  5450 | D:6      | Reached skill level 14 in Axes
  5774 | D:6      | Found a transporter.
  5900 | D:6      | Noticed fritzmikael's ghost (novice MiAE)
  5901 | D:6      | Found a one-way gate to the infinite horrors of the Abyss.
  5914 | D:6      | Found a transporter.
  5943 | D:6      | Found Suid Xuq's Gadget Shoppe.
  5946 | D:6      | Bought a wand of paralysis (10) for 156 gold pieces
  6068 | D:6      | Cast into level 1 of the Abyss (gnoll sergeant)
  6924 | Abyss:1  | Noticed a spatial maelstrom
  6926 | Abyss:1  | Noticed a wretched star
  6930 | Abyss:1  | Noticed a smoke demon
  6933 | Abyss:1  | HP: 3/78 [five-headed hydra skeleton (4)]
  6933 | Abyss:1  | Slain by a five-headed hydra skeleton

Illustrated notes

Levels and vault maps discovered:
D:1:      shiori_arrival_whats_in_store_for_you, layout_basic,
          minmay_misc_feat_square, st_stairs_14, grunt_decor_one_mirror
D:2:      layout_basic, lemuel_zombie_altar_yredelemnul
D:3:      layout_loops_ring, gammafunk_ghost_icy, uniq_robin
D:4:      layout_gridville, minmay_temple_entry_sparse_star,
          lexackson_kobold_supper, uniq_natasha
D:5:      layout_loops_ring, gammafunk_temple_overflow_wave,
          chequers_serial_rivers_micro_d
D:6:      layout_basic, gammafunk_ghost_abyssal_escape, serial_shops,
          kennysheep_mini_moat, interstate_on_off, kennysheep_generic_room_4,
          uniq_blork_the_orc
Temple:   minmay_crystal_spiral_temple
Abyss:1:  base:
D:9

Skill      XL: |  1  2  3  4  5  6  7  8  9 |
---------------+----------------------------+-----
Axes           | 3 4 5 6 7 9 11 13 14 | 14.7
Fighting       | 4 6 |  6.4
Armour         | |  3.3
Shields        | |  3.3

Action                   |  1- 3 |  4- 6 |  7- 9 || total
-------------------------+-------+-------+-------++-------
Melee: War axe           |    94 |   201 |   296 ||   591
Evoke: Wand              |       |       |     1 ||     1
  Use: Scroll            |     2 |     2 |     6 ||    10
       Potion            |       |     2 |     4 ||     6
Armor: Scale mail        |    46 |    53 |    71 ||   170
       Plate armour      |       |       |    29 ||    29
Dodge: Dodged            |    31 |    38 |    35 ||   104
Block: Kite shield       |    97 |   129 |   180 ||   406
       Reflection        |     3 |     3 |     6 ||    12

Table legend: (Time is in decaauts)
 A = Elapsed time spent in this place.
 B = Non-inter-level travel time spent in this place.
 C = Inter-level travel time spent in this place.
 D = Time resting spent in this place.
 E = Time spent auto-exploring this place.
 F = Levels seen in this place.
 G = Mean time per level.
                   A        B        C        D        E       F      G
               +--------+--------+--------+--------+--------+-----+--------+
         Total |   7424 |   7079 |    345 |   1128 |   4672 |   8 |  928.0 |
       Dungeon |   6326 |   6090 |    236 |    373 |   4503 |   6 | 1054.3 |
        Temple |    216 |    107 |    109 |      0 |    103 |   1 |  216.0 |
         Abyss |    881 |    881 |      0 |    755 |     66 |   1 |  881.0 |
               +--------+--------+--------+--------+--------+-----+--------+

Top non-repeatable levels by time:
     D:3: 1319 daAuts
     D:2: 1230 daAuts
     D:6: 1192 daAuts
     D:5: 1166 daAuts
 Abyss:1: 881 daAuts
     D:1: 779 daAuts
     D:4: 637 daAuts
  Temple: 216 daAuts
